AoeStats
← Barón de la Cerveza

Golden Pit

510224013Analyzed
1v1 RM · 2d ago on Sep 30, 2026· 31m 37s· 2 players
Game mode
Random Map
Map size
Tiny (2 player)
Population
200
Speed
Normal
Resources
Standard
Victory
Conquest
Starting age
Dark Age
Ending age
Imperial Age
RankedLock teamsTeams togetherTeam positionsShared explorationLock speedFull tech treeHidden civsTurbo modeCheats
Victory
Defeat
🇮🇳 Vietnamese · India
2016
+8
🇲🇽 Franks · Mexico
1833
-8
Barón de la Cerveza
6:29 Loom
8:57 Feudal Age
9:54 Double-Bit Axe
22:00 Castle Age
21:08 Wheelbarrow
20:27 Fletching
21:03 Gold Mining
26:13 Bow Saw
link_chaos
6:44 Loom
10:05 Feudal Age
10:41 Man-at-Arms
12:44 Arson
13:18 Double-Bit Axe
14:01 Horse Collar
16:17 Wheelbarrow
21:17 Castle Age
20:08 Fletching
20:19 Padded Archer Armor
20:50 Gold Mining
21:19 Crossbowman
21:57 Bodkin Arrow
25:29 Bow Saw
25:20 Heavy Plow
27:42 Squires
Connection lost

Rejoining the realm…

Still unreachable

The connection could not be restored.

Session expired

The server has moved on; the page needs a fresh start.